[ AOE2 MATCH · #513886191 ]
UnrankedBengalis vs Vikings
Player's team · WIN
Rival team · LOSS
[ REPLAY ANALYSIS · EXTRACTED FROM THE RECORDED GAME ]
Feudal
14:34
Castle
19:37
Imperial
35:37
| APM avg | 29.7 |
| APM peak | 60 |
| eAPM avg | 20.3 |
| Villagers / military | 73 / 46 |
Focus
⚔️ 25.3% · 🌾 74.7%
Fishing Ship ×30 · Ratha (Ranged) ×22 · Armored Elephant ×10 · Mangonel ×7 · Galley ×4 · Hulk ×2
Feudal
11:22
Castle
20:54
Imperial
32:59
| APM avg | 22.8 |
| APM peak | 64 |
| eAPM avg | 17.1 |
| Villagers / military | 80 / 18 |
Focus
⚔️ 18.5% · 🌾 81.5%
Fishing Ship ×7 · Mangonel ×4 · Hulk ×3 · Battering Ram ×3 · Trebuchet (Packed) ×3 · Monk ×2
Match map
Initial resources + every placement click. Lines = walls · curves = elevation contours. ◆ gold · ⬟ stone · ● berries · ✦ relic · ◌ wall gap
Your base· Open — 2t gap
O1G's base· Open — unwalled flank
Smoothed initial terrain · ◌ = detected wall gap · hover for details
Inputs per minute
— ChavezTRC - - O1G
Build order — ChavezTRC
First 150 of 208 actions detected
| 0:02 | Build | Town Center |
| 1:41 | Build | House |
| 2:04 | Queue | Villager (Male) |
| 2:04 | Queue | Villager (Male) |
| 2:04 | Queue | Villager (Male) |
| 2:05 | Queue | Villager (Male) |
| 2:05 | Queue | Villager (Male) |
| 2:47 | Build | Dock |
| 3:37 | Queue | Fishing Ship |
| 3:40 | Build | House |
| 3:43 | Research | Loom |
| 4:21 | Queue | Villager (Male) |
| 4:21 | Queue | Villager (Male) |
| 5:01 | Queue | Villager (Male) |
| 5:01 | Queue | Villager (Male) |
| 5:27 | Queue | Villager (Male) |
| 5:27 | Queue | Villager (Male) |
| 5:35 | Queue | Villager (Male) |
| 6:09 | Queue | Fishing Ship |
| 6:15 | Queue | Villager (Male) |
| 6:16 | Queue | Villager (Male) |
| 6:17 | Queue | Villager (Male) |
| 6:17 | Queue | Villager (Male) |
| 6:36 | Build | House |
| 6:42 | Queue | Fishing Ship |
| 7:04 | Queue | Villager (Male) |
| 7:04 | Queue | Villager (Male) |
| 7:15 | Queue | Villager (Male) |
| 7:16 | Queue | Villager (Male) |
| 7:35 | Build | Mill |
| 7:40 | Queue | Fishing Ship |
| 7:40 | Queue | Fishing Ship |
| 7:48 | Build | House |
| 7:56 | Queue | Villager (Male) |
| 8:16 | Queue | Fishing Ship |
| 8:17 | Queue | Villager (Male) |
| 8:41 | Build | House |
| 8:55 | Queue | Villager (Male) |
| 9:00 | Build | House |
| 9:02 | Queue | Fishing Ship |
| 9:02 | Queue | Fishing Ship |
| 9:20 | Queue | Villager (Male) |
| 9:21 | Queue | Villager (Male) |
| 9:21 | Queue | Fishing Ship |
| 9:22 | Queue | Fishing Ship |
| 9:52 | Queue | Fishing Ship |
| 9:53 | Queue | Villager (Male) |
| 9:53 | Queue | Villager (Male) |
| 9:54 | Queue | Villager (Male) |
| 10:08 | Build | Dock |
| 10:24 | Queue | Villager (Male) |
| 10:25 | Queue | Villager (Male) |
| 10:25 | Queue | Villager (Male) |
| 10:49 | Queue | Villager (Male) |
| 10:54 | Queue | Fishing Ship |
| 10:54 | Queue | Fishing Ship |
| 11:00 | Build | House |
| 11:09 | Queue | Villager (Male) |
| 11:17 | Build | House |
| 11:19 | Build | House |
| 11:20 | Build | House |
| 12:04 | Build | Mining Camp |
| 12:25 | Research | Feudal Age |
| 12:34 | Queue | Fishing Ship ×3 |
| 12:54 | Build | Mining Camp |
| 13:11 | Queue | Villager (Male) |
| 13:22 | Build | Dock |
| 13:46 | Build | Lumber Camp |
| 14:03 | Queue | Fishing Ship |
| 14:04 | Queue | Fishing Ship |
| 14:34 | Age | Feudal Age |
| 14:43 | Build | Watch Tower |
| 14:48 | Build | Blacksmith |
| 14:57 | Queue | Villager (Male) |
| 15:22 | Research | Fletching |
| 15:26 | Build | Market |
| 15:54 | Build | Barracks |
| 15:59 | Queue | Villager (Male) |
| 16:19 | Queue | Villager (Male) |
| 16:31 | Build | House |
| 16:58 | Research | Castle Age |
| 16:58 | Research | Castle Age |
| 17:12 | Queue | Hulk |
| 17:21 | Build | Dock |
| 17:31 | Research | Stone Mining |
| 17:31 | Research | Stone Mining |
| 19:37 | Age | Castle Age |
| 19:47 | Build | Castle |
| 20:02 | Build | Town Center |
| 20:19 | Build | Lumber Camp |
| 20:31 | Queue | Villager (Male) |
| 21:02 | Queue | Villager (Male) |
| 21:11 | Build | Town Center |
| 21:23 | Research | Double-Bit Axe |
| 21:23 | Research | Double-Bit Axe |
| 21:32 | Queue | Fishing Ship |
| 21:42 | Queue | Ratha (Ranged) |
| 21:42 | Queue | Ratha (Ranged) |
| 21:53 | Queue | Villager (Male) |
| 22:13 | Queue | Villager (Male) |
| 22:18 | Queue | Villager (Male) |
| 22:19 | Queue | Villager (Male) |
| 22:27 | Build | Siege Workshop |
| 22:53 | Queue | Ratha (Ranged) |
| 22:53 | Queue | Ratha (Ranged) |
| 22:54 | Queue | Ratha (Ranged) |
| 23:03 | Build | Mill |
| 23:07 | Queue | Villager (Male) |
| 23:07 | Queue | Villager (Male) |
| 23:12 | Research | Fishing Lines |
| 23:13 | Queue | Fishing Ship ×3 |
| 23:13 | Queue | Fishing Ship ×3 |
| 23:29 | Queue | Villager (Male) |
| 23:33 | Queue | Mangonel |
| 23:33 | Queue | Mangonel |
| 24:04 | Queue | Ratha (Ranged) |
| 24:06 | Queue | Villager (Male) |
| 24:07 | Queue | Villager (Male) |
| 24:15 | Queue | Villager (Male) |
| 24:19 | Build | Dock |
| 24:32 | Queue | Mangonel |
| 24:34 | Queue | Villager (Male) |
| 24:44 | Queue | Villager (Male) |
| 24:48 | Research | Town Watch |
| 24:59 | Build | Mill |
| 25:08 | Queue | Galley ×3 |
| 25:26 | Queue | Ratha (Ranged) |
| 25:26 | Queue | Ratha (Ranged) |
| 25:28 | Queue | Villager (Male) |
| 25:34 | Research | Horse Collar |
| 25:36 | Research | Bow Saw |
| 25:37 | Queue | Villager (Male) |
| 25:41 | Queue | Villager (Male) |
| 25:45 | Queue | Villager (Male) |
| 25:46 | Queue | Villager (Male) |
| 25:51 | Queue | Hulk |
| 26:03 | Queue | Ratha (Ranged) |
| 26:08 | Research | Padded Archer Armor |
| 26:26 | Queue | Armored Elephant |
| 26:26 | Queue | Armored Elephant |
| 26:33 | Queue | Galley |
| 26:41 | Queue | Villager (Male) |
| 26:41 | Queue | Villager (Male) |
| 26:46 | Queue | Villager (Male) |
| 26:58 | Build | Mining Camp |
| 27:01 | Research | Gillnets |
| 27:02 | Queue | Fishing Ship ×5 |
| 27:27 | Queue | Armored Elephant |
| 27:27 | Queue | Armored Elephant |
| 27:42 | Queue | Ratha (Ranged) |
Build order — O1G
First 150 of 159 actions detected
| 0:06 | Build | Town Center |
| 0:42 | Build | Dock |
| 0:45 | Build | House |
| 2:14 | Queue | Villager (Male) |
| 2:14 | Queue | Villager (Male) |
| 2:14 | Queue | Villager (Male) |
| 2:15 | Queue | Villager (Male) |
| 2:15 | Queue | Villager (Male) |
| 3:27 | Queue | Fishing Ship |
| 3:27 | Queue | Fishing Ship |
| 3:56 | Queue | Villager (Male) |
| 3:56 | Queue | Villager (Male) |
| 4:16 | Build | House |
| 4:25 | Queue | Villager (Male) |
| 4:43 | Queue | Villager (Male) |
| 5:05 | Queue | Villager (Male) |
| 5:05 | Queue | Villager (Male) |
| 5:27 | Build | House |
| 5:37 | Queue | Villager (Male) |
| 5:38 | Queue | Villager (Male) |
| 5:58 | Queue | Fishing Ship |
| 5:58 | Queue | Fishing Ship |
| 6:01 | Queue | Villager (Male) |
| 6:01 | Queue | Villager (Male) |
| 6:22 | Queue | Villager (Male) |
| 6:47 | Queue | Villager (Male) |
| 6:47 | Queue | Villager (Male) |
| 6:58 | Queue | Fishing Ship |
| 7:13 | Build | House |
| 7:19 | Queue | Villager (Male) |
| 7:19 | Queue | Villager (Male) |
| 8:00 | Queue | Villager (Male) |
| 8:03 | Build | Mill |
| 8:05 | Research | Loom |
| 8:21 | Queue | Fishing Ship |
| 9:12 | Research | Feudal Age |
| 9:37 | Queue | Fishing Ship |
| 9:42 | Build | House |
| 10:38 | Queue | Villager (Male) |
| 10:38 | Queue | Villager (Male) |
| 10:49 | Build | Mill |
| 11:22 | Age | Feudal Age |
| 11:29 | Build | Watch Tower |
| 11:43 | Queue | Villager (Male) |
| 11:43 | Queue | Villager (Male) |
| 12:11 | Build | Outpost |
| 12:15 | Build | Watch Tower |
| 12:31 | Queue | Villager (Male) |
| 12:31 | Queue | Villager (Male) |
| 12:46 | Build | House |
| 12:59 | Queue | Hulk |
| 13:46 | Build | Lumber Camp |
| 13:53 | Queue | Villager (Male) |
| 13:53 | Queue | Villager (Male) |
| 14:05 | Queue | Hulk |
| 14:28 | Research | Double-Bit Axe |
| 14:41 | Queue | Villager (Male) |
| 14:41 | Queue | Villager (Male) |
| 14:48 | Build | House |
| 15:16 | Build | Blacksmith |
| 15:40 | Queue | Villager (Male) |
| 15:40 | Queue | Villager (Male) |
| 15:40 | Queue | Villager (Male) |
| 16:44 | Queue | Villager (Male) |
| 17:09 | Build | House |
| 17:26 | Queue | Villager (Male) |
| 17:29 | Build | Market |
| 17:56 | Build | Barracks |
| 18:14 | Research | Castle Age |
| 18:41 | Build | Archery Range |
| 18:52 | Build | Mining Camp |
| 19:43 | Queue | Archer |
| 19:43 | Queue | Archer |
| 19:58 | Build | Mining Camp |
| 20:39 | Build | Mining Camp |
| 20:54 | Age | Castle Age |
| 20:55 | Research | Fletching |
| 21:01 | Queue | Hulk |
| 21:22 | Build | Monastery |
| 21:32 | Queue | Villager (Male) |
| 21:33 | Queue | Villager (Male) |
| 21:36 | Queue | Villager (Male) |
| 21:50 | Queue | Monk |
| 21:50 | Queue | Monk |
| 22:00 | Research | Bow Saw |
| 22:14 | Build | Town Center |
| 22:24 | Build | Siege Workshop |
| 22:52 | Build | Town Center |
| 23:02 | Queue | Battering Ram |
| 23:10 | Queue | Villager (Male) |
| 23:11 | Queue | Villager (Male) |
| 23:11 | Queue | Villager (Male) |
| 23:20 | Build | House |
| 23:21 | Build | House |
| 23:34 | Queue | Villager (Male) |
| 23:35 | Queue | Villager (Male) |
| 23:35 | Queue | Villager (Male) |
| 23:40 | Build | House |
| 23:41 | Build | House |
| 24:00 | Queue | Longboat |
| 24:05 | Queue | Villager (Male) |
| 24:05 | Queue | Villager (Male) |
| 24:05 | Queue | Villager (Male) |
| 24:52 | Queue | Villager (Male) |
| 24:52 | Queue | Villager (Male) |
| 25:12 | Build | Farm |
| 25:13 | Build | Farm |
| 25:13 | Build | Farm |
| 25:13 | Build | Farm |
| 25:14 | Build | Farm |
| 25:21 | Queue | Mangonel |
| 25:38 | Build | Farm |
| 26:03 | Build | Farm |
| 26:04 | Queue | Villager (Male) |
| 26:05 | Queue | Villager (Male) |
| 26:16 | Queue | Villager (Male) |
| 26:36 | Build | House |
| 26:37 | Build | House |
| 26:40 | Queue | Villager (Male) |
| 26:40 | Queue | Villager (Male) |
| 26:44 | Queue | Villager (Male) |
| 26:44 | Queue | Villager (Male) |
| 26:54 | Build | Castle |
| 27:15 | Queue | Battering Ram |
| 27:27 | Research | Bodkin Arrow |
| 27:53 | Queue | Battering Ram |
| 29:51 | Research | Imperial Age |
| 29:53 | Queue | Villager (Male) |
| 29:53 | Queue | Villager (Male) |
| 30:41 | Queue | Mangonel |
| 31:57 | Queue | Villager (Male) |
| 31:58 | Queue | Villager (Male) |
| 31:58 | Queue | Villager (Male) |
| 32:10 | Queue | Mangonel |
| 32:21 | Queue | Villager (Male) |
| 32:21 | Queue | Villager (Male) |
| 32:23 | Queue | Villager (Male) |
| 32:23 | Queue | Villager (Male) |
| 32:23 | Queue | Villager (Male) |
| 32:23 | Queue | Villager (Male) |
| 32:24 | Queue | Villager (Male) |
| 32:58 | Build | Town Center |
| 32:59 | Age | Imperial Age |
| 33:01 | Queue | Trebuchet (Packed) |
| 33:02 | Queue | Trebuchet (Packed) |
| 33:33 | Queue | Villager (Male) |
| 33:33 | Queue | Villager (Male) |
| 33:34 | Queue | Villager (Male) |
| 33:34 | Queue | Villager (Male) |
| 33:58 | Queue | Trebuchet (Packed) |
Match timeline
| 0:42 | O1G · first_building Dock |
| 2:47 | ChavezTRC · first_building Dock |
| 11:22 | O1G · age_up feudal |
| 14:34 | ChavezTRC · age_up feudal |
| 15:54 | ChavezTRC · first_building Barracks |
| 16:10 | ChavezTRC · first_market_sell 500 wood |
| 16:16 | ChavezTRC · first_market_buy 100 food |
| 17:56 | O1G · first_building Barracks |
| 18:41 | O1G · first_building Archery Range |
| 19:37 | ChavezTRC · age_up castle |
| 19:47 | ChavezTRC · first_building Castle |
| 20:54 | O1G · age_up castle |
| 21:22 | O1G · first_building Monastery |
| 22:05 | O1G · first_market_sell 100 wood |
| 22:06 | O1G · first_market_buy 100 stone |
| 22:24 | O1G · first_building Siege Workshop |
| 22:27 | ChavezTRC · first_building Siege Workshop |
| 26:54 | O1G · first_building Castle |
| 29:57 | ChavezTRC · first_building Monastery |
| 32:59 | O1G · age_up imperial |
| 35:37 | ChavezTRC · age_up imperial |
| 35:44 | O1G · resign |
[ AI ANALYSIS · 1 CREDIT ]
What really happened in this match?
Wolo.gg analyzes every decision: build order, eco, micro, common mistakes by bracket. Personalized analysis on WhatsApp or Discord in 30 seconds.
Civ guide
Bengalis
Perfil
Jugador #108764